 Dungeon Crawl Stone Soup version 0.30.0-18-gc0e69614cb (webtiles) character file.

Game seed: 15360343113678700025

64 bmack86 the Chopper (level 3, 0/31 HPs)
             Began as a Minotaur Fighter on May 25, 2023.
             Slain by a gnoll
             ... wielding a +0 halberd
              (1 damage)
             ... on level 2 of the Dungeon.
             The game lasted 00:03:19 (705 turns).

bmack86 the Chopper (Minotaur Fighter)               Turns: 705, Time: 00:03:20

Health: 0/31       AC:  8    Str: 22    XL:     3   Next: 91%
Magic:  2/2        EV:  9    Int:  5    God:
Gold:   78         SH:  4    Dex:  9    Spells: 2/2 levels left

rFire   . . .        a - +0 war axe
rCold   . . .        c - +0 buckler
rNeg    . . .        b - +0 scale mail
rPois   .            (helmet restricted)
rElec   .            (no cloak)
rCorr   .            i - +0 pair of gloves
SInv    .            (no boots)
Will    .....        (no amulet) Stlth
                     (no ring)
HPRegen 0.25/turn    (no ring)
MPRegen 0.08/turn

%: no passive effects
@: no status effects
A: horns 2, retaliatory headbutt
a: no special abilities


You were on level 2 of the Dungeon.
You visited 1 branch of the dungeon, and saw 2 of its levels.

You collected 78 gold pieces.

Inventory:

Hand Weapons
 a - a +0 war axe (weapon)
Armour
 b - a +0 scale mail (worn)
 c - a +0 buckler (worn)
 i - a +0 pair of gloves (worn)
Jewellery
 g - a ring of positive energy
 h - an amulet of faith
 j - a ring of magical power
Scrolls
 f - a scroll of identify {unknown}
Potions
 d - a potion of might
 e - a potion of lignification {unknown}


   Skills:
 - Level 3.6 Fighting
 + Level 5.2 Axes
 - Level 3.6 Armour
 - Level 3.6 Shields


You had 2 spell levels left.
You didn't know any spells.
Your spell library was empty.

Dungeon Overview and Level Annotations

Branches:
Dungeon (2/15)

Altars:


Innate Abilities, Weirdness & Mutations

You have a pair of horns on your head.
You reflexively headbutt those who attack you in melee.


Message History

You hit the hound but do no damage.
The hound is severely wounded.
The gnoll hits you but does no damage.
A gnoll comes into view. It is wielding a +0 halberd.
The hound barely misses you. The gnoll barely misses you.
The hound barely misses you.
The gnoll shouts!
You hit the hound but do no damage. Your headbutt misses the hound.
The hound is severely wounded.
The hound bites you but does no damage.
The gnoll hits you from afar with a +0 halberd.
A gnoll comes into view. It is wielding a +0 spear.
The hound closely misses you.
You barely miss the hound.
The hound is severely wounded.
The hound barely misses you.
The gnoll hits you from afar with a +0 halberd.
You slash the hound!
You kill the hound!
You block the gnoll's attack.
Your Axes skill increases to level 5!
The gnoll hits you but does no damage.
You see here a hound corpse.
You hit the gnoll.
The gnoll is moderately wounded.
The gnoll hits you with a +0 halberd. The gnoll hits you with a +0 halberd!
* * * LOW HITPOINT WARNING * * *
You hit the gnoll.
The gnoll is moderately wounded.
The gnoll hits you with a +0 halberd.
* * * LOW HITPOINT WARNING * * *
You block the gnoll's attack.
You barely miss the gnoll.
The gnoll is moderately wounded.
You block the gnoll's attack. The gnoll hits you but does no damage.
Unknown command.
You slash the gnoll!
You kill the gnoll!
The gnoll hits you from afar with a +0 halberd.
You die...

##### ###..(. #. ####
..... #. ..... #.g. #..
#.....##..####..## #...
#.# #...)†@)gg...#
#...##.###.##..####..#.
#...........#..#
#.....†##..#..#
#....).##..#).#
#.>....##..#..#
#....><..†....#
##.....#...####
#.......#.....


You could see 3 gnolls.

Vanquished Creatures
  A hound (D:2)
  A gnoll (D:2)
  A dart slug (D:1)
  2 ball pythons (D:1)
  5 bats (D:1)
  An endoplasm (D:1)
  2 giant cockroaches
  2 hobgoblins
  A quokka (D:1)
  2 frilled lizards
  5 goblins
  5 kobolds
  5 rats
33 creatures vanquished.

Notes
Turn   | Place    | Note
-------+----------+-------------------------------------------
     0 | D:1      | bmack86 the Minotaur Fighter began the quest for the Orb.
     0 | D:1      | Reached XP level 1. HP: 19/19 MP: 0/0
    55 | D:1      | Reached skill level 3 in Axes
   112 | D:1      | Reached XP level 2. HP: 26/26 MP: 1/1
   379 | D:1      | Reached skill level 4 in Axes
   666 | D:2      | Reached XP level 3. HP: 30/31 MP: 2/2
   701 | D:2      | Reached skill level 5 in Axes
   703 | D:2      | HP: 1/31 [gnoll/+0 halberd (6)]
   705 | D:2      | Slain by a gnoll

Illustrated notes

Levels and vault maps discovered:
D:1:      lemuel_arrival_lava_pool, layout_basic
D:2:      layout_loops_ring

Skill      XL: |  1  2  3 |
---------------+----------+-----
Axes           | 3 4 5 |  5.2
Fighting       | |  3.6
Armour         | |  3.6
Shields        | |  3.6

Action                     || total
---------------------------++-------
  Melee: War axe           ||    61
         Headbutt          ||     4
 Armour: Scale mail        ||    33
  Dodge: Dodged            ||    37
  Block: Buckler           ||    17
